 Dungeon Crawl Stone Soup version 0.27-a0-1191-g601b473118 (webtiles) character file.

Game seed: 2029035651716265496

95 freelancePsychic the Digger (level 4, 0/24 HPs)
             Began as a Gargoyle Earth Elementalist on May 23, 2021.
             Killed by divine providence
             ... invoked by an orc priest
              (13 damage)
             ... on level 3 of the Dungeon.
             The game lasted 00:08:40 (3215 turns).

freelancePsychic the Digger (GrEE)                  Turns: 3215, Time: 00:08:41

Health: 0/24       AC:  7    Str: 11    XL:     4   Next: 66%
Magic:  0/7        EV: 11    Int: 17    God:
Gold:   115        SH:  0    Dex: 10    Spells: 3/7 levels left

rFire    . . .     SeeInvis .   a - +0 dagger
rCold    . . .     Faith    .   (no shield)
rNeg     + . .     Spirit   .   c - +0 robe
rPois    ∞         Reflect  .   (no helmet)
rElec    +         Harm     .   l - +0 cloak
rCorr    .         Rampage  .   m - +0 pair of gloves
Will     .....                  (no boots)
Stlth    ++........             (no amulet)
HPRegen  0.08/turn              (no ring)
MPRegen  0.10/turn              (no ring)

@: very slightly contaminated
A: sickness immunity, AC +3, negative energy resistance 1, electricity
resistance, torment resistance 1, petrification resistance
a: no special abilities


You were on level 3 of the Dungeon.
You visited 1 branch of the dungeon, and saw 3 of its levels.

You collected 115 gold pieces.

Inventory:

Hand Weapons
 a - a +0 dagger (weapon)
Missiles
 i - 12 stones
Armour
 c - a +0 robe (worn)
 l - a +0 cloak (worn)
 m - a +0 pair of gloves (worn)
Scrolls
 b - a scroll of enchant weapon {unknown}
 d - 5 scrolls of identify {unknown}
 e - a scroll of fear {unknown}
 g - a scroll of amnesia {unknown}
 h - a scroll of vulnerability {unknown}
 n - a scroll of noise {unknown}
Potions
 f - a potion of curing {unknown}
 j - a potion of mutation {unknown}
 k - a potion of attraction {unknown}


   Skills:
 - Level 1.5 Dodging
 - Level 2.4 Stealth
 - Level 2.0 Spellcasting
 + Level 3.0 Conjurations
 - Level 0.7 Transmutations
 + Level 5.0 Earth Magic


You had 3 spell levels left.
You knew the following spells:

 Your Spells              Type           Power      Damage    Failure   Level
a - Sandblast             Erth           38%        2d10      2%          1
b - Stone Arrow           Conj/Erth      30%        3d8       11%         3

Your spell library contained the following spells:

 Spells                   Type           Power      Damage    Failure   Level
 Passwall                 Tmut/Erth      9%         N/A       9%          2
 Animate Skeleton         Necr           2%         N/A       19%         1
 Apportation              Tloc           2%         N/A       19%         1
 Corona                   Hex            1%         N/A       19%         1
 Summon Small Mammal      Summ           4%         N/A       19%         1
 Petrify                  Tmut/Erth      11%        N/A       52%         4
 Lee's Rapid Deconstruct  Erth           9%         3d8*      54%         5


Dungeon Overview and Level Annotations

Branches:
Dungeon (3/15)

Altars:
The Shining One

Annotations:
D:2 exclusion: downstairs
D:3 3 runed translucent doors, JuniperTheExplorer's ghost, amateur DrVM


Innate Abilities, Weirdness & Mutations

You are immune to sickness and miasma.
Your stone body is resilient. (AC +3)
You are immune to poison.
You resist negative energy. (rN+)
You are resistant to electric shocks. (rElec)
You are resistant to unholy torment.
You are immune to petrification.


Message History

JuniperTheExplorer's ghost whispers, "It is all a dream - a grotesque and foolish dream."
An orc priest is nearby!
The orc priest shouts!
The orc priest invokes the aid of Beogh against you.
Beogh smites you!
You are too injured to fight recklessly!
Casting: Sandblast (safe; 2% risk of failure)
Confirm with . or Enter, or press ? or * to list all spells.
The spell is quite dangerous to cast (11% risk of failure)!
Continue anyway?
Aiming: Stone Arrow (quite dangerous; 11% risk of failure)
Press: ? - help, Shift-Dir - straight line, f - orc priest
Aim: an orc priest, wielding a +0 dagger and wearing a +0 leather armour (68% to hit)
You miscast Stone Arrow.
You are very lightly contaminated with residual magic.
Nothing appears to happen.
The frilled lizard hisses angrily.
Casting: Stone Arrow (quite dangerous; 11% risk of failure)
Confirm with . or Enter, or press ? or * to list all spells.
The spell is quite dangerous to cast (11% risk of failure)!
Continue anyway?
Aiming: Stone Arrow (quite dangerous; 11% risk of failure)
Press: ? - help, Shift-Dir - straight line, f/p - orc priest
Aim: an orc priest, wielding a +0 dagger and wearing a +0 leather armour (68% to hit)
The stone arrow hits the orc priest!
The orc priest is heavily wounded.
Casting: Stone Arrow (quite dangerous; 11% risk of failure)
Confirm with . or Enter, or press ? or * to list all spells.
You don't have enough magic to cast this spell.
An orc priest is nearby!
Unknown command.
Casting: Stone Arrow (quite dangerous; 11% risk of failure)
Confirm with . or Enter, or press ? or * to list all spells.
Aiming: Sandblast (safe; 2% risk of failure)
Press: ? - help, Shift-Dir - straight line, f/p - orc priest
Aim: an orc priest, wielding a +0 dagger and wearing a +0 leather armour (heavily wounded, 79% to hit)
The blast of sand hits the orc priest.
The orc priest is severely wounded.
The orc priest mumbles some strange prayers to Beogh against you.
Beogh smites you!
Ouch! That really hurt!
You die...

#......r#.......#.##
.#.#...#.#.<.).......
#.#..#.#..#...##<.....
#.#.#...#.#...#####...
..###.#...?[..#...+ ## ...
....... bWlb..#...#
.............#########...#
.........................#
................@o# ##...#
..................# #...#
................#.#
................#...
................#...#
................#...#
#######'#...#####...# #
#.#...# ...# #######.#...#


You could see an orc priest, JuniperTheExplorer's ghost, 2 bats and a frilled
lizard.

Vanquished Creatures
  An adder (D:1)
  A worm (D:2)
  2 dart slugs (D:1)
  5 orcs
  7 bats
  4 endoplasms
  7 giant cockroaches
  8 goblins
  11 hobgoblins
  6 jackals
  3 quokkas
  4 ball pythons
  A frilled lizard (D:1)
  3 kobolds (D:2)
  A rat (D:1)
64 creatures vanquished.

Notes
Turn   | Place    | Note
-------+----------+-------------------------------------------
     0 | D:1      | freelancePsychic the Gargoyle Earth Elementalist began the
                  | quest for the Orb.
     0 | D:1      | Reached XP level 1. HP: 10/10 MP: 3/3
    67 | D:1      | Reached skill level 1 in Conjurations
    67 | D:1      | Reached XP level 2. HP: 15/15 MP: 1/5
    68 | D:1      | Reached skill level 4 in Earth Magic
   413 | D:1      | Reached XP level 3. HP: 16/19 MP: 6/6
  1274 | D:1      | Learned a level 3 spell: Stone Arrow
  1432 | D:2      | Reached XP level 4. HP: 24/24 MP: 3/7
  2711 | D:3      | Found a runed translucent gate.
  2712 | D:3      | Found a runed translucent gate.
  2716 | D:3      | Found a runed translucent gate.
  2717 | D:3      | Noticed JuniperTheExplorer's ghost (amateur DrVM)
  2746 | D:3      | Reached skill level 5 in Earth Magic
  3103 | D:3      | Found a glowing golden altar of the Shining One.
  3215 | D:3      | Killed from afar by an orc priest

Illustrated notes

Levels and vault maps discovered:
D:1:      pf_arrival_petrified_forest, layout_rooms, st_stairs_8
D:2:      layout_loops_ring, serial_aquarium, aquarium_bridge_square
          [aquarium_subvault_bridge, aquarium_subvault_wall,
          aquarium_subvault_bridge, aquarium_subvault_wall],
          aquarium_bridge_island_large [aquarium_subvault_large_water,
          aquarium_subvault_window, aquarium_subvault_wall,
          aquarium_subvault_bridge, aquarium_subvault_bridge],
          aquarium_window_fake, aquarium_window_fake, aquarium_view_2b,
          aquarium_view_2e, aquarium_balcony_3a, aquarium_pool_split, hex_large
D:3:      layout_basic, led_xom_imps, lemuel_tele_altar, gammafunk_ghost_split

Skill      XL: |  1  2  3  4 |
---------------+-------------+-----
Conjurations   | 1 2 3 |  3.0
Earth Magic    | 4 5 |  5.0
Dodging        | |  1.5
Stealth        | |  2.4
Spellcasting   | |  2.0
Transmutations | |  0.7

Action                   |  1- 3 |  4- 6 || total
-------------------------+-------+-------++-------
Melee: Dagger            |   101 |    62 ||   163
 Cast: Sandblast         |    41 |     8 ||    49
       Stone Arrow       |     1 |    11 ||    12
 Stab: Sleeping          |     1 |     2 ||     3
Armor: Robe              |    38 |    27 ||    65
Dodge: Dodged            |    86 |    51 ||   137

Table legend: (Time is in decaauts)
 A = Elapsed time spent in this place.
 B = Non-inter-level travel time spent in this place.
 C = Inter-level travel time spent in this place.
 D = Time resting spent in this place.
 E = Time spent auto-exploring this place.
 F = Levels seen in this place.
 G = Mean time per level.
                   A        B        C        D        E       F      G
               +--------+--------+--------+--------+--------+-----+--------+
         Total |   3218 |   3167 |     51 |    300 |   2351 |   3 | 1072.7 |
       Dungeon |   3218 |   3167 |     51 |    300 |   2351 |   3 | 1072.7 |
               +--------+--------+--------+--------+--------+-----+--------+

Top non-repeatable levels by time:
     D:1: 1495 daAuts
     D:2: 1434 daAuts
     D:3: 287 daAuts
